Map: Deathaura LE

Players

AqueroN

  • Race: Terran Terran
  • League: Grandmaster
  • Spawn Location: 11:00

LiquidClem (Clem) - Winner!

  • Race: Terran Terran
  • League: Grandmaster
  • Spawn Location: 5:00

Event: DreamHack SC2 Masters 2020 Winter

VOD

Have the link to the VOD?

Description

Time

  • Played on: Oct. 27, 2020, 3:37 p.m.
  • Length: 9:25

All games in this series

Show
View Real Time Build Order
Export as new Build Order

AqueroN Terran 

Build Orders:  

Get SALT Encoding   

  12  0:00  SCV  
  13  0:12  SCV  
  14  0:17  Supply Depot  
  14  0:24  SCV  
  15  0:29  Refinery  
  15  0:38  SCV  
  16  0:45  Barracks  
  16  0:50  SCV  
  16  0:56  Refinery  
  17  1:02  SCV  
  18  1:15  SCV  
  19  1:32  Orbital Command, Reaper  
  20  1:36  Factory  
  20  1:46  Supply Depot  
  20  1:57  SCV  
  21  2:04  Reaper  
  22  2:09  SCV  
  23  2:20  Hellion  
  23  2:21  SCV  
  26  2:26  Command Center  
  26  2:34  SCV  
  26  2:37  Supply Depot, Reaper  
  28  2:42  Hellion  
  30  2:46  SCV  
  31  2:57  Starport  
  32  2:58  SCV  
  32  3:04  Factory Tech Lab  
  32  3:09  Barracks Reactor  
  32  3:10  SCV  
  33  3:18  Refinery  
  33  3:22  Cyclone, SCV  
  37  3:34  SCV  
  37  3:35  Starport Tech Lab  
  37  3:38  Orbital Command  
  38  3:45  Marine x2  
  38  3:47  SCV  
  41  3:54  Raven  
  43  3:59  SCV  
  43  4:02  Siege Tank  
  47  4:03  Marine x2  
  47  4:04  SCV  
  50  4:12  Supply Depot, SCV  
  50  4:16  SCV  
  52  4:17  Supply Depot  
  52  4:21  Marine x2  
  54  4:28  Supply Depot  
  54  4:32  SCV  
  54  4:33  SCV  
  52  4:39  Marine x2  
  49  4:46  SCV x2  
  49  4:48  Raven  
  53  4:55  Supply Depot  
  53  4:58  SCV  
  53  4:59  Marine x2  
  56  5:00  Siege Tank  
  56  5:02  SCV  
  60  5:10  SCV  
  61  5:14  SCV  
  61  5:17  Marine x2  
  64  5:22  SCV  
  64  5:26  Supply Depot, SCV  
  66  5:33  Siege Tank  
  66  5:34  SCV  
  70  5:39  SCV  
  71  5:44  Viking x2  
  71  5:46  SCV  
  76  5:50  Supply Depot  
  76  5:56  Command Center  
  76  6:00  SCV  
  76  6:01  SCV  
  77  6:07  Siege Tank  
  80  6:14  Viking x2  
  80  6:16  SCV  
  80  6:17  SCV  
  86  6:24  Marine  
  86  6:25  Supply Depot  
  87  6:28  SCV  
  87  6:29  SCV  
  89  6:37  Supply Depot  
  89  6:39  Siege Tank  
  92  6:44  Viking  
  92  6:46  SCV x2, Viking  
  98  6:48  Supply Depot  
  98  6:53  Supply Depot  
  98  6:59  Supply Depot  
  98  7:03  SCV, Barracks  
  98  7:04  SCV  
  98  7:05  Barracks  
  100  7:14  Viking  
  100  7:15  SCV  
  103  7:16  SCV, Viking  
  103  7:20  Refinery, Stimpack  
  106  7:27  SCV, Orbital Command  
  106  7:29  SCV  
  108  7:32  Siege Tank  
  111  7:39  SCV  
  111  7:41  SCV  
  111  7:42  Engineering Bay  
  111  7:43  Engineering Bay  
  113  7:45  Marine  
  114  7:51  SCV  
  114  7:53  SCV  
  114  7:57  Viking  
  114  7:58  Viking  
  118  8:00  Barracks Reactor  
  118  8:01  Barracks Reactor  
  118  8:04  SCV x2  
  118  8:05  SCV  
  117  8:16  SCV x2  
  115  8:22  SCV  
  109  8:28  SCV x2  
  109  8:29  Siege Tank  
  109  8:33  Marine  
  86  8:34  SCV  
  86  8:36  Viking  
  86  8:37  Viking  
  86  8:39  Refinery, Barracks x2  
  86  8:40  SCV x2, Refinery  
  90  8:46  Marine x4, SCV  
  95  8:51  Marine  
  95  8:52  SCV x2  
  98  8:58  SCV  
  99  9:04  Marine x4, SCV x2  
Show
View Real Time Build Order
Export as new Build Order

LiquidClem Terran - Winner!

Build Orders:  

Get SALT Encoding   

  12  0:00  SCV  
  13  0:12  SCV  
  14  0:16  Supply Depot  
  14  0:24  SCV  
  15  0:29  Refinery  
  15  0:38  SCV  
  16  0:44  Barracks  
  16  0:50  SCV  
  16  0:54  Refinery  
  17  1:02  SCV  
  18  1:14  SCV  
  19  1:31  Orbital Command, Reaper  
  20  1:34  Factory  
  20  1:41  Supply Depot  
  20  1:56  SCV  
  21  2:03  Reaper  
  22  2:09  SCV  
  23  2:18  Hellion  
  25  2:23  Command Center  
  25  2:26  SCV  
  26  2:35  Barracks Reactor  
  26  2:39  Hellion  
  26  2:40  Starport  
  28  2:46  Supply Depot  
  28  2:49  SCV  
  29  3:01  SCV  
  29  3:02  Factory Tech Lab  
  30  3:12  Marine x2  
  30  3:15  SCV  
  33  3:20  Siege Tank  
  33  3:25  Medivac  
  33  3:26  Refinery  
  38  3:27  SCV  
  39  3:34  Marine x2  
  39  3:38  Orbital Command  
  41  3:41  SCV  
  41  3:47  Supply Depot  
  42  3:52  Cyclone  
  45  3:57  Marine  
  45  3:59  Marine  
  45  4:01  Starport Tech Lab  
  47  4:06  SCV  
  47  4:07  SCV  
  49  4:17  Marine x2  
  49  4:20  Raven  
  49  4:21  SCV  
  49  4:22  SCV  
  55  4:31  Siege Tank  
  58  4:34  SCV  
  58  4:38  SCV, Supply Depot  
  57  4:45  Marine x2  
  53  4:46  SCV  
  53  4:52  Command Center  
  54  4:54  SCV  
  55  5:01  SCV  
  55  5:03  Siege Tank  
  55  5:06  SCV  
  60  5:09  Raven  
  60  5:13  SCV  
  60  5:14  Supply Depot, Marine x2  
  63  5:20  SCV  
  66  5:25  SCV  
  67  5:32  SCV  
  67  5:33  Supply Depot, Refinery  
  68  5:37  SCV  
  68  5:42  Siege Tank  
  72  5:44  SCV  
  72  5:47  Supply Depot  
  72  5:49  SCV  
  74  5:56  SCV  
  75  5:58  Barracks  
  75  5:59  Barracks  
  75  6:03  Marine, Viking x2, Stimpack  
  80  6:07  Orbital Command  
  80  6:09  SCV  
  80  6:10  SCV  
  82  6:15  Supply Depot  
  82  6:18  Siege Tank  
  82  6:24  Marine, Orbital Command  
  82  6:25  SCV x2  
  88  6:30  Engineering Bay  
  88  6:33  Viking  
  88  6:37  Viking  
  91  6:40  SCV  
  91  6:47  SCV, Barracks Reactor x2, Engineering Bay  
  92  6:52  SCV  
  92  6:54  Siege Tank  
  97  6:59  Marine, Terran Infantry Weapons Level 1  
  97  7:01  SCV x2  
  100  7:04  Supply Depot, SCV  
  100  7:06  Viking  
  103  7:08  Viking  
  103  7:13  SCV  
  105  7:17  Marine  
  105  7:19  SCV x2, Refinery  
  105  7:20  Refinery  
  108  7:23  Marine, Supply Depot  
  108  7:24  Marine x2  
  108  7:26  Marine  
  112  7:33  Siege Tank  
  112  7:34  SCV  
  112  7:35  SCV, Marine  
  118  7:37  SCV  
  118  7:41  Marine  
  118  7:42  Marine x2  
  118  7:44  Marine  
  123  7:45  Supply Depot  
  123  7:47  SCV  
  123  7:48  Combat Shield  
  124  7:53  Marine, Barracks  
  124  7:54  SCV  
  124  7:56  Barracks  
  125  7:59  Marine x2  
  125  8:01  Medivac x2  
  131  8:06  Supply Depot  
  131  8:12  Siege Tank, Marine  
  134  8:16  Marine  
  134  8:17  SCV x2  
  134  8:18  Marine  
  129  8:21  Marine x2  
  116  8:30  Marine  
  104  8:34  Marine  
  104  8:35  SCV  
  104  8:36  Marine, SCV  
  104  8:38  Medivac x2  
  112  8:42  SCV  
  112  8:43  Supply Depot, Barracks Reactor x2  
  112  8:44  Marine x2  
  112  8:47  Siege Tank  
  112  8:48  SCV  
  119  8:49  SCV  
  119  8:54  SCV  
  119  8:58  Armory  
  119  9:00  SCV  
  119  9:01  SCV  
  118  9:05  Marine  
  118  9:06  SCV  
  122  9:12  SCV  
Tags
 
Add a new tag
Caveats
  • Supply blocks, unpowered buildings, or Contaminate may cause inaccurate times.
  • Supply counts are checked every 10 seconds.